 Dungeon Crawl Stone Soup version 0.18.1-8-gdd0e5ea (webtiles) character file.

37 mikered the Shooter (level 3, 0/26 HPs)
             Began as a High Elf Hunter on June 12, 2016.
             Slain by an adder (2 damage)
             ... on level 3 of the Dungeon.
             The game lasted 00:07:37 (1676 turns).

mikered the Shooter (High Elf Hunter)               Turns: 1676, Time: 00:07:37

Health: 0/26       AC:  3    Str: 13    XL:     3   Next: 21%
Magic:  4/4        EV: 12    Int: 15    God:
Gold:   22         SH:  0    Dex: 16    Spells: 0 memorised, 2 levels left

rFire  + . .     SeeInvis .     b - +0 short sword
rCold  + . .     Gourm    .     c - +0 leather armour
rNeg   . . .     Faith    .     (no shield)
rPois  +         Spirit   .     (no helmet)
rElec  +         Dismiss  .     (no cloak)
rCorr  +         Reflect  .     (no gloves)
SustAt .         Harm     .     (no boots)
MR     .....                    (no amulet)
Stlth  ++........               (no ring)
                                (no ring)

@: resistant, very slightly contaminated, not resistant to hostile enchantments,
unstealthy
A: robust 1, screaming 1, electricity resistance, strong 1, no device heal 1
a: no special abilities


You were on level 3 of the Dungeon.
You were not hungry.

You visited 1 branch of the dungeon, and saw 3 of its levels.

You collected 22 gold pieces.

Inventory:

Hand Weapons
 a - a +1 shortbow
 b - a +0 short sword (weapon)
Missiles
 d - 20 arrows
Armour
 c - a +0 leather armour (worn)
Jewellery
 g - a +4 ring of dexterity {unknown}
Comestibles
 f - a bread ration
 l - 2 meat rations


   Skills:
 - Level 2.0 Fighting
 - Level 5.3 Bows
 - Level 2.1 Dodging
 + Level 3.8 Stealth


You had 2 spell levels left.
You didn't know any spells.

Dungeon Overview and Level Annotations

Branches:
Dungeon (3/15)

Altars:
Ashenzari


Innate Abilities, Weirdness & Mutations

You are robust (+10% HP).
You occasionally shout uncontrollably at your foes.
You are resistant to electric shocks.
Your muscles are strong. (Str +2)
Potions and wands are less effective at restoring your health.


Message History

The adder closely misses you. The adder bites you but does no damage.
You completely miss the adder.
The adder is moderately wounded.
The adder bites you.
* * * LOW HITPOINT WARNING * * *
You completely miss the adder.
The adder is moderately wounded.
The adder bites you but does no damage. x2
You hit the adder.
The adder is severely wounded.
The adder closely misses you.
You hit the adder.
The adder is almost dead.
The adder bites you.
* * * LOW HITPOINT WARNING * * *
The adder closely misses you.
You hit the adder.
The adder is almost dead.
The adder bites you.
You die...

#.########..###
#
#.(...........#
#
#.....####....#
# #.....#
#....# #
#.....# #....#
# ##.###.#
####.# # #.#
#.# #.##### #S#
#.# #.....S #@#
#.# #.#####
#....# #.....
#....# #....#
#....# #....#
#.............
###.....###...
###### ###


You could see an adder.

Vanquished Creatures
  2 oozes (D:2)
  A giant gecko (D:1)
  A giant cockroach (D:2)
  4 goblins
  4 jackals (D:1)
  2 quokkas (D:2)
  5 bats
  3 giant newts
  3 kobolds
  3 rats (D:2)
28 creatures vanquished.

Notes
Turn   | Place    | Note
--------------------------------------------------------------
     0 | D:1      | mikered the High Elf Hunter began the quest for the Orb.
     0 | D:1      | Reached XP level 1. HP: 14/14 MP: 2/2
   399 | D:1      | Reached XP level 2. HP: 19/19 MP: 3/3
  1404 | D:2      | Found a shattered altar of Ashenzari.
  1440 | D:2      | Reached XP level 3. HP: 22/24 MP: 4/4
  1642 | D:3      | Gained mutation: You are robust (+10% HP). [potion of mutation]
  1642 | D:3      | Gained mutation: Potions and wands are less effective at restoring your health. [potion of mutation]
  1642 | D:3      | Gained mutation: You are resistant to electric shocks. [potion of mutation]
  1643 | D:3      | Gained mutation: Your muscles are strong. (Str +2) [potion of mutation]
  1643 | D:3      | Gained mutation: You occasionally shout uncontrollably at your foes. [potion of mutation]
  1676 | D:3      | Slain by an adder

Skill      XL: |  1  2 |
---------------+-------+-----
Stealth        | 2 3 |  3.8
Fighting       | |  2.0
Bows           | |  5.3
Dodging        | |  2.1

Action                   || total
-------------------------++-------
Melee: Short sword       ||   111
Throw: Throwing net      ||     2
  Use: Scroll            ||     3
       Potion            ||     3
 Stab: Sleeping          ||     3
  Eat: Beef jerky        ||     1
       Chunk             ||     1
Armor: Leather armour    ||    37
Dodge: Dodged            ||    93
